 Dungeon Crawl Stone Soup version 0.24-a0-809-g71cb82dfb8 (webtiles) character file.

Game seed: 15498447765760064731, levelgen mode: deterministic

145023 MrRokkomies the Fighter (level 17, -1/140 HPs)
             Began as a Gnoll Wanderer on Oct 9, 2019.
             Was the Champion of Uskayaw.
             Killed from afar by a lindwurm (37 damage)
             ... with a blast of flame
             ... on level 4 of the Swamp on Oct 11, 2019.
             The game lasted 02:32:53 (36550 turns).

MrRokkomies the Fighter (Gnoll Wanderer)           Turns: 36550, Time: 02:32:54

Health: -1/140     AC: 25    Str: 23    XL:     17   Next: 41%
Magic:  3/32       EV: 17    Int: 18    God:    Uskayaw [******]
Gold:   833        SH:  0    Dex: 18    Spells: 4/38 levels left

rFire    . . .     SeeInvis .   a - +3 scimitar (flame)
rCold    + + .     Gourm    .   (no shield)
rNeg     . . .     Faith    .   E - +0 chain mail {rPois}
rPois    +         Spirit   .   (helmet restricted)
rElec    .         Reflect  .   h - +5 cloak of Dogmatism {+Blink rC+ Str+3}
rCorr    .         Harm     .   U - +2 pair of gloves {archery}
MR       ++...                  j - +1 pair of boots of Wonder {MR+ Regen+}
Stlth    +.........             l - amulet of regeneration
HPRegen  1.13/turn              A - ring of the Octopus King {rF+ AC+1 EV+1 Str+1 Int+1 Dex+1}
MPRegen  0.23/turn              T - ring of ice

@: about to teleport, very slightly contaminated, very slow
A: distributed training, fangs 1, horns 1, blink, clumsy 1, strong 2, strong
nose
a: Blink, Stomp, Line Pass, Grand Finale, Renounce Religion, Evoke Blink


You were on level 4 of the Swamp.
You worshipped Uskayaw.
Uskayaw was pleased with you.
You were not hungry.

You visited 4 branches of the dungeon, and saw 27 of its levels.
You visited 1 bazaar.
You also visited: Ice Cave and Volcano.

You collected 3183 gold pieces.
You spent 2350 gold pieces at shops.

Inventory:

Hand Weapons
 a - a +3 scimitar of flaming (weapon)
 b - the +5 hand crossbow "Ankar" {penet, Str+7}
   (You found it on level 6 of the Lair of Beasts)

   Ammo fired by it will pass through the targets it hits, potentially hitting
   all targets in its path until it reaches maximum range.
   It affects your strength (+7).
 v - the +6 falchion "Orb Guardian's Peril" {holy, rElec MR+ Int+2}
   (You found it on level 10 of the Dungeon)

   It has been blessed by the Shining One to cause great damage to the undead
   and demons.
   It affects your intelligence (+2).
   It insulates you from electricity.
   It affects your resistance to hostile enchantments.
Missiles
 g - 119 poisoned darts (quivered)
 x - 180 bolts
Armour
 h - the +5 cloak of Dogmatism (worn) {+Blink rC+ Str+3}
   (You acquired it on level 15 of the Dungeon)

   It affects your strength (+3).
   It protects you from cold.
   It lets you blink.
 j - the +1 pair of boots of Wonder (worn) {MR+ Regen+}
   (You bought it in a shop on level 2 of the Orcish Mines)

   It affects your resistance to hostile enchantments.
   It increases your rate of regeneration.
 E - a +0 chain mail of poison resistance (worn)
 O - +1 fire dragon scales
 U - a +2 pair of gloves of archery (worn)
Magical Staves
 p - an uncursed staff of summoning
 V - an uncursed staff of cold
Jewellery
 i - an uncursed ring of flight
 l - an amulet of regeneration (around neck)
 A - a ring of the Octopus King (left hand) {rF+ AC+1 EV+1 Str+1 Int+1 Dex+1}
   (You bought it in a shop on level 2 of the Orcish Mines)

   [ring of protection from fire]

   It affects your AC (+1).
   It affects your evasion (+1).
   It affects your strength (+1).
   It affects your intelligence (+1).
   It affects your dexterity (+1).
   It protects you from fire.
 C - an uncursed ring of see invisible
 F - an uncursed ring of protection from magic
 J - an uncursed ring of protection from cold
 L - an uncursed ring of positive energy
 T - a ring of ice (right hand)
Wands
 d - a wand of polymorph (8)
 q - a wand of iceblast (30)
 u - a wand of flame (66)
 D - a wand of clouds (1)
 M - a wand of paralysis (8)
Scrolls
 c - 7 scrolls of teleportation
 m - 6 scrolls of identify
 o - 11 scrolls of remove curse
 y - 9 scrolls of magic mapping
 z - a scroll of immolation
 B - 2 scrolls of enchant weapon
 K - 4 scrolls of amnesia
 N - 3 scrolls of holy word
 W - a scroll of fear
 Z - 2 scrolls of blinking
Potions
 e - a potion of might
 k - 8 potions of flight
 n - 5 potions of curing
 r - a potion of lignification
 s - 2 potions of brilliance
 t - 5 potions of resistance
 w - 2 potions of invisibility
 G - 7 potions of cancellation
 H - 2 potions of heal wounds
 Q - 4 potions of agility
 S - 2 potions of magic
 X - 2 potions of haste
 Y - a potion of berserk rage
Miscellaneous
 I - a sack of spiders
 R - 2 boxes of beasts
Comestibles
 f - 31 rations


   Skills:
 + Level 14.5 Fighting
 + Level 11.2 Short Blades
 + Level 12.0 Long Blades
 + Level 11.2 Axes
 + Level 11.2 Maces & Flails
 + Level 11.2 Polearms
 + Level 11.2 Staves
 + Level 11.2 Slings
 + Level 11.2 Bows
 + Level 11.2 Crossbows
 + Level 11.2 Throwing
 + Level 11.4 Armour
 + Level 11.2 Dodging
 + Level 11.4 Stealth
 + Level 11.4 Shields
 + Level 11.2 Unarmed Combat
 + Level 11.2 Spellcasting
 + Level 9.5 Conjurations
 + Level 9.5 Hexes
 + Level 9.5 Charms
 + Level 9.5 Summonings
 + Level 9.5 Necromancy
 + Level 9.5 Translocations
 + Level 9.5 Transmutations
 + Level 9.5 Fire Magic
 + Level 9.5 Ice Magic
 + Level 9.5 Air Magic
 + Level 9.5 Earth Magic
 + Level 9.5 Poison Magic
 + Level 12.1 Invocations
 + Level 11.2 Evocations


You had 4 spell levels left.
You knew the following spells:

 Your Spells              Type           Power        Failure   Level  Hunger
a - Summon Mana Viper     Hex/Summ       #####...     21%         5    ####...
b - Summon Ice Beast      Ice/Summ       ######..     8%          4    ##.....
c - Summon Lightning Spi  Summ/Air       #####...     8%          4    ##.....
d - Tukima's Dance        Hex            #####...     2%          3    None
e - Fulminant Prism       Conj/Hex       #####.....   8%          4    ##.....
f - Olgreb's Toxic Radia  Pois           #####...     8%          4    ##.....
g - Summon Demon          Summ           #####.....   21%         5    ####...
h - Animate Dead          Necr           N/A          8%          4    ##.....
i - Confusing Touch       Hex            #####.       1%          1    None

Your spell library contained the following spells:

 Spells                   Type           Power        Failure   Level  Hunger
 Animate Skeleton         Necr           N/A          1%          1    None
 Apportation              Tloc           #####.       1%          1    None
 Corona                   Hex            #####..      1%          1    None
 Freeze                   Ice            ####         1%          1    None
 Magic Dart               Conj           ####         1%          1    None
 Pain                     Necr           ####         1%          1    None
 Sting                    Conj/Pois      ####         1%          1    None
 Summon Small Mammal      Summ           ####         1%          1    None
 Call Imp                 Summ           #####...     1%          2    None
 Ensorcelled Hibernation  Hex/Ice        ######       1%          2    None
 Poisonous Vapours        Pois/Air       #####.       1%          2    None
 Searing Ray              Conj           #####.       1%          2    None
 Throw Frost              Conj/Ice       ######       1%          2    None
 Call Canine Familiar     Summ           #####...     2%          3    None
 Confuse                  Hex            #####...     2%          3    None
 Dazzling Spray           Conj/Hex       #####.       2%          3    None
 Mephitic Cloud           Conj/Pois/Air  #####...     2%          3    None
 Ozocubu's Armour         Chrm/Ice       ######..     2%          3    None
 Recall                   Summ/Tloc      N/A          2%          3    None
 Regeneration             Chrm/Necr      #####.....   2%          3    None
 Summon Guardian Golem    Hex/Summ       #####...     2%          3    None
 Vampiric Draining        Necr           #####.....   2%          3    None
 Force Lance              Conj/Tloc      #####...     8%          4    ##.....
 Iskenderun's Mystic Bla  Conj           #####...     8%          4    ##.....
 Throw Icicle             Conj/Ice       ######..     8%          4    ##.....
 Aura of Abjuration       Summ           #####.....   21%         5    ####...
 Bolt of Magma            Conj/Fire/Erth #####.....   21%         5    ####...
 Irradiate                Conj/Tmut      #####.....   21%         5    ####...
 Iskenderun's Battlesphe  Conj/Chrm      #####...     21%         5    ####...
 Summon Forest            Summ/Tloc      #####.....   21%         5    ####...
 Venom Bolt               Conj/Pois      #####.....   21%         5    ####...
 Hydra Form               Tmut           #####.....   75%         6    ######.
 Iron Shot                Conj/Erth      #####.....   75%         6    ######.
 Shadow Creatures         Summ           N/A          75%         6    ######.
 Statue Form              Tmut/Erth      #####....    75%         6    ######.
 Dragon Form              Tmut           #####.....   99%         7    #######
 Orb of Destruction       Conj           #####.....   99%         7    #######
 Spellforged Servitor     Conj/Summ      #####.....   99%         7    #######


Dungeon Overview and Level Annotations

Branches:
Dungeon (15/15)            Temple (0/1) D:4            Lair (6/6) D:10
  Swamp (4/4) Lair:2        Snake (0/4) Lair:4        Slime (0/5) Lair:5
    Orc (2/2) D:11            Elf (0/3) Orc:2        Vaults (0/5) D:14
 Depths (0/5) D:15          IceCv (visited)         Volcano (visited)

Altars:
Cheibriados
Dithmenos
Elyvilon
Gozag
Hepliaklqana
Kikubaaqudgha
Makhleb
Nemelex Xobeh
Ru
Uskayaw
Vehumet
Wu Jian
Xom
Zin
Beogh

Shops:
Orc:2 (=*[

Annotations:
Lair:5 exclusion: oklob plant


Innate Abilities, Weirdness & Mutations

Your experience applies equally to all skills.
You have very sharp teeth.
Your uncanny sense of smell can sniff out nearby items.
You have a pair of small horns on your head.
You can translocate small distances at will.
You are clumsy. (Dex -2)
Your muscles are very strong. (Str +4)


Message History

You hit the lindwurm. You burn the lindwurm.
The lindwurm is almost dead.
The lindwurm breathes flames at you. The blast of flame hits you!!
The shambling mangrove hits you but does no damage.
* * * LOW HITPOINT WARNING * * *
The grasping roots constrict you.
You escape the roots' grasp.
You blink.
Splash!
You fall into the shallow water.
Moving in this stuff is going to be slow.
You feel slightly more hungry.
Your six-headed hydra zombie bites the lindwurm!
The lindwurm dies!
Found 22 gold pieces.
As you read the scroll of teleportation, it crumbles to dust.
You feel strangely unstable. The lindwurm breathes flames at you.
The blast of flame hits you!!!
You die...

##≈.°≈≈.. §§§ ≈...
7.777777 ..§ ... ##.77
..≈^.. #7.≈≈77 . ∆≈§..
#7≈.≈..7 ..7
###.##77§§....7
≈≈.≈7##≈Dk.##§.7...77 77
...≈≈.(.(7(fZ.....[77≈.§
≈...$.≈@≈D≈≈Z..≈≈.≈≈≈≈≈≈
≈≈.≈..77≈≈......≈≈.≈≈≈.≈
≈≈.≈≈≈≈.....§7≈≈≈.≈≈≈≈≈≈
.≈≈≈ ≈......≈7≈≈..≈≈≈...
.≈≈ ≈.≈≈≈≈≈.(....≈≈≈.(≈
§≈ ≈≈≈≈≈≈≈...≈≈.≈≈≈..≈ ≈
≈≈≈≈...7.≈≈≈.≈≈§...
≈§≈.≈7777≈≈..≈....§ ≈..§
7...≈..<.≈≈


You could see a shambling mangrove, an eight-headed hydra, a six-headed hydra, a
lindwurm, a friendly six-headed hydra zombie and a friendly four-headed hydra
zombie.

Vanquished Creatures
  Rupert (Lair:4)
  Frances (D:14)
  The ghost of Johnny the Geomancer, a journeyman DgEE (D:12)
  A red draconian (Volcano)
  An ettin (Orc:2)
  Josephine (D:11)
  2 fire dragons
  14 hydras
  A shambling mangrove (Swamp:3)
  An ice dragon (D:15)
  The ghost of Tagedieb the Nimble, a journeyman OpAs of Wu Jian (D:10)
  A centaur warrior (D:11)
  8 two-headed ogres
  9 alligators
  An ogre mage (Volcano)
  A death yak (D:11)
  A tengu warrior (D:15)
  An orc high priest (Orc:2)
  A fire crab (Lair:6)
  4 skeletal warriors (D:11)
  3 swamp dragons
  4 unseen horrors
  4 orc knights
  A lindwurm (Swamp:4)
  3 ugly things
  6 cyclopes
  An orc sorcerer (Orc:2)
  A wolf spider (Lair:2)
  A deep elf mage (D:14)
  A manticore (D:12)
  7 black mambas
  The ghost of Amen the Poker, a novice CeFi (D:8)
  A centaur zombie (D:15)
  2 ice statues (IceCv)
  4 torpor snails (Lair:6)
  14 spiny frogs
  3 rime drakes
  5 kobold demonologists (D:12)
  A freezing wraith (D:15)
  3 komodo dragons
  5 yaktaurs
  2 efreet (D:15)
  7 ice devils (IceCv)
  A tengu conjurer (D:15)
  5 trolls
  5 tyrant leeches
  9 hornets
  A meliai (shapeshifter) (D:15)
  10 polar bears
  3 bog bodies
  7 blink frogs
  3 raiju (Lair:6)
  A dream sheep (Lair:5)
  9 slime creatures
  A hippogriff (shapeshifter) (D:15)
  6 hippogriffs
  7 wraiths
  7 shadows
  4 hogs (D:7)
  16 spriggans
  A human (D:7)
  2 vampires
  26 yaks
  6 wyverns
  2 fire elementals (D:13)
  3 fire bats (Lair:1)
  A steam dragon (D:8)
  2 hungry ghosts
  18 vampire mosquitoes
  Menkaure (D:7)
  9 wargs
  9 hell hounds (Lair:6)
  8 swamp worms
  10 porcupines
  13 water moccasins
  5 swamp drakes
  10 black bears
  31 orc warriors
  2 necrophages
  10 ogres
  6 phantoms
  5 sky beasts
  9 ice beasts
  23 wolves
  6 centaurs
  5 crocodiles
  12 big kobolds
  33 bullfrogs
  8 scorpions
  10 wights
  26 killer bees
  3 howler monkeys
  3 electric eels (Lair:3)
  5 crimson imps
  5 hounds
  16 orc priests
  2 bullfrog skeletons
  5 jellies
  3 centaur skeletons
  3 iguanas
  32 orc wizards
  9 worker ants
  3 hound zombies
  2 hound skeletons
  3 worker ant zombies
  4 gnolls (D:5)
  25 adders
  6 shadow imps
  16 white imps
  A worker ant simulacrum (D:11)
  5 ufetubi
  2 oozes
  An adder zombie (D:6)
  A worm (D:2)
  3 dart slugs
  8 leopard geckos
  81 orcs
  8 giant cockroaches
  10 goblins
  9 hobgoblins
  6 jackals
  14 kobolds
  5 quokkas
  A ball python (D:6)
  9 bats
  5 frilled lizards
  13 rats
  A fungus (Lair:2)
  8 plants
875 creatures vanquished.

Vanquished Creatures (collateral kills)
  Nikola (Swamp:2)
  2 thorn hunters
  A frost giant (D:12)
  An orc warlord (Orc:1)
  11 hydras
  An alligator (Swamp:1)
  A two-headed ogre (D:12)
  Nergalle (Orc:2)
  A flayed ghost (D:12)
  4 swamp dragons (Swamp:4)
  2 lindwurms
  A deep elf mage (D:12)
  A torpor snail (Lair:6)
  A spiny frog (Lair:5)
  A kobold demonologist (D:12)
  A komodo dragon (Lair:5)
  8 hornets
  5 tyrant leeches
  A bog body (Swamp:4)
  A raiju (Lair:6)
  5 dream sheep (Lair:5)
  2 spriggans (Swamp:2)
  3 yaks (Lair:4)
  2 vampire mosquitoes
  A warg (Lair:6)
  An acid dragon (D:12)
  3 swamp worms
  4 hell hounds (Lair:6)
  A water moccasin (Lair:5)
  A swamp drake (Swamp:4)
  An orc warrior (Orc:1)
  2 black bears (Lair:6)
  A killer bee (D:12)
  6 orcs
79 creatures vanquished.

Vanquished Creatures (others)
  A reaper (IceCv)
  A two-headed ogre (Volcano)
  A warg (Lair:6)
  A white imp (IceCv)
  6 ufetubi (IceCv)
  A briar patch (Swamp:3)
  2 fulminant prisms
  42 fungi
  67 plants
122 creatures vanquished.

Grand Total: 1076 creatures vanquished

Notes
Turn   | Place    | Note
-------+----------+-------------------------------------------
     0 | D:1      | Reached skill level 10 in Fighting
     0 | D:1      | MrRokkomies the Gnoll Wanderer began the quest for the Orb.
     0 | D:1      | MrRokkomies set off with the following items: a +2 dagger,
                  | a potion of heal wounds, a scroll of teleportation, a +0
                  | buckler, a +0 robe, a ration
     0 | D:1      | Reached XP level 1. HP: 28/28 MP: 1/1
   298 | D:1      | Reached XP level 2. HP: 36/36 MP: 2/2
   527 | D:1      | Reached XP level 3. HP: 39/42 MP: 3/3
   984 | D:2      | Reached skill level 1 in Invocations
  1018 | D:2      | You fall into a shaft and drop 1 floor!
  1018 | D:3      | Found a hide-covered altar of Uskayaw.
  1019 | D:3      | Noticed a +0 dagger
  1019 | D:3      | Noticed a +0 hand axe
  1054 | D:3      | Became a worshipper of Uskayaw the Reveler
  1077 | D:3      | Reached * piety under Uskayaw
  1102 | D:3      | Reached skill level 1 in Short Blades
  1102 | D:3      | Reached skill level 1 in Axes
  1102 | D:3      | Reached skill level 1 in Maces & Flails
  1102 | D:3      | Reached skill level 1 in Polearms
  1102 | D:3      | Reached skill level 1 in Staves
  1102 | D:3      | Reached skill level 1 in Slings
  1102 | D:3      | Reached skill level 1 in Bows
  1102 | D:3      | Reached skill level 1 in Crossbows
  1102 | D:3      | Reached skill level 1 in Throwing
  1102 | D:3      | Reached skill level 1 in Dodging
  1102 | D:3      | Reached skill level 1 in Unarmed Combat
  1102 | D:3      | Reached skill level 1 in Spellcasting
  1102 | D:3      | Reached skill level 1 in Evocations
  1104 | D:3      | Reached ** piety under Uskayaw
  1129 | D:3      | Reached XP level 4. HP: 48/48 MP: 5/5
  1135 | D:3      | Reached *** piety under Uskayaw
  1189 | D:3      | Reached skill level 1 in Conjurations
  1189 | D:3      | Reached skill level 1 in Hexes
  1189 | D:3      | Reached skill level 1 in Charms
  1189 | D:3      | Reached skill level 1 in Summonings
  1189 | D:3      | Reached skill level 1 in Necromancy
  1189 | D:3      | Reached skill level 1 in Translocations
  1189 | D:3      | Reached skill level 1 in Transmutations
  1189 | D:3      | Reached skill level 1 in Fire Magic
  1189 | D:3      | Reached skill level 1 in Ice Magic
  1189 | D:3      | Reached skill level 1 in Air Magic
  1189 | D:3      | Reached skill level 1 in Earth Magic
  1189 | D:3      | Reached skill level 1 in Poison Magic
  1340 | D:3      | Reached XP level 5. HP: 50/54 MP: 6/6
  1504 | D:3      | You fall into a shaft and drop 1 floor!
  1810 | D:4      | Reached XP level 6. HP: 29/61 MP: 8/8
  1818 | D:4      | Reached **** piety under Uskayaw
  1869 | D:4      | Found a staircase to the Ecumenical Temple.
  2431 | D:2      | Learned a level 2 spell: Call Imp
  2796 | D:2      | Reached skill level 5 in Long Blades
  3240 | D:4      | Found a white marble altar of Elyvilon.
  3436 | D:4      | Gained mutation: You are robust. (+10% HP) [potion of
                  | mutation]
  3436 | D:4      | Lost mutation: You are robust. (+10% HP) [potion of
                  | mutation]
  3436 | D:4      | Gained mutation: Your body sometimes deteriorates upon
                  | taking damage. [potion of mutation]
  3436 | D:4      | Gained mutation: You evolve. [potion of mutation]
  3466 | D:5      | Entered Level 5 of the Dungeon
  3472 | D:5      | Reached XP level 7. HP: 67/67 MP: 10/10
  3493 | D:5      | Reached ***** piety under Uskayaw
  3658 | D:5      | Reached XP level 8. HP: 74/74 MP: 12/12
  3843 | D:5      | Found a snail-covered altar of Cheibriados.
  3967 | D:5      | Found a sparkling altar of Nemelex Xobeh.
  4061 | D:5      | Found a glowing silver altar of Zin.
  4062 | D:5      | Found a sacrificial altar of Ru.
  4062 | D:5      | Found a shadowy altar of Dithmenos.
  4066 | D:5      | Found an ancient bone altar of Kikubaaqudgha.
  4066 | D:5      | Found an ornate altar of the Wu Jian Council.
  4067 | D:5      | Found a radiant altar of Vehumet.
  4802 | D:6      | Gained mutation: You have a pair of small antennae on your
                  | head. [evolution]
  5123 | D:6      | Found a hazy altar of Hepliaklqana.
  5156 | D:6      | Reached skill level 11 in Fighting
  5156 | D:6      | Reached XP level 9. HP: 81/81 MP: 14/14
  5236 | D:6      | Got a faintly humming scale mail
  5247 | D:6      | Identified the cursed +1 scale mail of Tomorrow {Dex+5}
                  | (You found it on level 6 of the Dungeon)
  5597 | D:7      | Noticed Menkaure
  5603 | D:7      | Killed Menkaure
  5747 | D:7      | Reached skill level 5 in Armour
  5747 | D:7      | Reached skill level 5 in Shields
  5936 | D:7      | Reached skill level 5 in Stealth
  5977 | D:7      | Reached skill level 5 in Invocations
  6309 | D:7      | Gained mutation: You are agile. (Dex +2) [evolution]
  6329 | D:7      | Reached XP level 10. HP: 88/88 MP: 15/17
  6433 | D:7      | Found a burning altar of Makhleb.
  6957 | D:7      | Reached skill level 5 in Short Blades
  6957 | D:7      | Reached skill level 5 in Axes
  6957 | D:7      | Reached skill level 5 in Maces & Flails
  6957 | D:7      | Reached skill level 5 in Polearms
  6957 | D:7      | Reached skill level 5 in Staves
  6957 | D:7      | Reached skill level 5 in Slings
  6957 | D:7      | Reached skill level 5 in Bows
  6957 | D:7      | Reached skill level 5 in Crossbows
  6957 | D:7      | Reached skill level 5 in Throwing
  6957 | D:7      | Reached skill level 5 in Dodging
  6957 | D:7      | Reached skill level 5 in Unarmed Combat
  6957 | D:7      | Reached skill level 5 in Spellcasting
  6957 | D:7      | Reached skill level 5 in Evocations
  7372 | D:8      | Found a runed translucent gate.
  7372 | D:8      | Found a runed translucent gate.
  7372 | D:8      | Found a runed translucent gate.
  7377 | D:8      | Found an opulent altar of Gozag.
  7380 | D:8      | Noticed Amen's ghost (novice CeFi)
  8853 | D:8      | Gained mutation: You expend magic power (3 MP) to
                  | strengthen your wands. [evolution]
  8880 | D:8      | Killed Amen's ghost
 10289 | D:10     | Entered Level 10 of the Dungeon
 10310 | D:10     | Killed an unseen horror
 10310 | D:10     | Reached XP level 11. HP: 67/95 MP: 19/19
 10630 | D:10     | Found a runed translucent gate.
 10630 | D:10     | Found a runed translucent gate.
 10633 | D:10     | Found a runed translucent gate.
 10668 | D:10     | Noticed Tagedieb's ghost (journeyman OpAs)
 10868 | D:10     | Found a staircase to the Lair.
 11135 | Lair:1   | Entered Level 1 of the Lair of Beasts
 11182 | Lair:1   | Found a dark tunnel.
 11190 | Lair:1   | Reached skill level 5 in Conjurations
 11190 | Lair:1   | Reached skill level 5 in Hexes
 11190 | Lair:1   | Reached skill level 5 in Charms
 11190 | Lair:1   | Reached skill level 5 in Summonings
 11190 | Lair:1   | Reached skill level 5 in Necromancy
 11190 | Lair:1   | Reached skill level 5 in Translocations
 11190 | Lair:1   | Reached skill level 5 in Transmutations
 11190 | Lair:1   | Reached skill level 5 in Fire Magic
 11190 | Lair:1   | Reached skill level 5 in Ice Magic
 11190 | Lair:1   | Reached skill level 5 in Air Magic
 11190 | Lair:1   | Reached skill level 5 in Earth Magic
 11190 | Lair:1   | Reached skill level 5 in Poison Magic
 11237 | Volcano  | Entered a volcano
 11375 | Volcano  | Gained mutation: You are partially covered in yellow
                  | scales. (AC +2) [evolution]
 11396 | Volcano  | Noticed an ogre mage
 11398 | Volcano  | Found a burning altar of Makhleb.
 11398 | Volcano  | Noticed a two-headed ogre
 11399 | Volcano  | Noticed a two-headed ogre
 11405 | Volcano  | Killed a two-headed ogre
 11412 | Volcano  | Noticed a two-headed ogre
 11414 | Volcano  | Noticed a red draconian
 11415 | Volcano  | Killed a two-headed ogre
 11438 | Volcano  | Killed a two-headed ogre
 11594 | Volcano  | Noticed a two-headed ogre
 11608 | Volcano  | Killed a two-headed ogre
 11628 | Volcano  | Killed a red draconian
 11628 | Volcano  | Reached skill level 12 in Fighting
 11636 | Volcano  | Killed an ogre mage
 11801 | Volcano  | Noticed a two-headed ogre
 11825 | Volcano  | Noticed a two-headed ogre
 11837 | Volcano  | Killed a two-headed ogre
 11851 | Volcano  | Killed a two-headed ogre
 11851 | Volcano  | Reached XP level 12. HP: 70/102 MP: 20/22
 11983 | Lair:1   | Learned a level 4 spell: Summon Ice Beast
 11988 | Lair:1   | Learned a level 4 spell: Summon Lightning Spire
 11992 | Lair:1   | Learned a level 3 spell: Tukima's Dance
 11997 | Lair:1   | Learned a level 4 spell: Fulminant Prism
 14058 | Lair:2   | Found a staircase to the Swamp.
 14077 | Lair:2   | Noticed a four-headed hydra
 14094 | Lair:2   | Killed a one-headed hydra
 15605 | Lair:3   | Got a polished flail
 15607 | Lair:3   | Reached XP level 13. HP: 109/109 MP: 23/25
 15609 | Lair:3   | Identified the +8 flail "Puwiphax" {flame, -Tele rN+ Dex+4
                  | SInv} (You found it on level 3 of the Lair of Beasts)
 15662 | Lair:3   | Reached XP level 14. HP: 54/116 MP: 26/26
 16170 | Lair:4   | Got a wizard robe
 16181 | Lair:4   | Identified the +1 robe "Ponkihy" {rElec rC+ Str-3 SInv}
                  | (You found it on level 4 of the Lair of Beasts)
 16635 | Lair:4   | Found a staircase to the Snake Pit.
 17207 | Lair:4   | Got a steaming hunting sling
 17208 | Lair:4   | Identified the +2 hunting sling "Dilaukki" {velocity,
                  | Dex+3} (You found it on level 4 of the Lair of Beasts)
 17296 | Lair:4   | Noticed Rupert
 17298 | Lair:4   | Upgraded the game from 0.24-a0-784-g601f8f6d22 to
                  | 0.24-a0-789-g35933f4585
 17303 | Lair:4   | Paralysed by Rupert for 4 turns
 17316 | Lair:4   | Killed Rupert
 17733 | Lair:5   | Found a staircase to the Slime Pits.
 18239 | Lair:5   | Found a white marble altar of Elyvilon.
 18290 | Lair:5   | Reached skill level 13 in Fighting
 19300 | Lair:6   | Entered Level 6 of the Lair of Beasts
 19947 | Lair:6   | Reached skill level 10 in Long Blades
 20401 | Lair:6   | Got a brightly glowing hand crossbow
 20403 | Lair:6   | Identified the +5 hand crossbow "Ankar" {penet, Str+7} (You
                  | found it on level 6 of the Lair of Beasts)
 21509 | Lair:6   | Lost mutation: You evolve. [evolution]
 21761 | Lair:6   | Found a runed translucent door.
 21927 | Lair:6   | Reached skill level 10 in Invocations
 21951 | Lair:6   | Paralysed by a hornet for 3 turns
 22160 | Lair:6   | Reached XP level 15. HP: 70/124 MP: 12/28
 22164 | Lair:6   | Paralysed by a hornet for 3 turns
 22705 | D:11     | Found a frozen archway.
 22792 | IceCv    | Entered an ice cave
 23209 | IceCv    | Got a warped hat
 23215 | IceCv    | Identified the +2 hat of Contentment {rF+ rC+ Int-5 Dex+3}
                  | (You found it in an ice cave)
 24039 | D:11     | Learned a level 4 spell: Olgreb's Toxic Radiance
 24208 | D:11     | Noticed Josephine
 24243 | D:11     | Killed Josephine
 24878 | D:11     | HP: 4/124 [death yak (24)]
 24883 | D:11     | HP: 1/124 [spriggan/+0 dagger (4)]
 25234 | D:11     | Reached skill level 10 in Armour
 25234 | D:11     | Reached skill level 10 in Shields
 25344 | D:11     | Found a staircase to the Orcish Mines.
 25346 | D:11     | Found a shimmering altar of Xom.
 25660 | D:11     | Reached skill level 10 in Stealth
 26397 | Orc:1    | Entered Level 1 of the Orcish Mines
 26517 | Orc:1    | Found a roughly hewn altar of Beogh.
 26835 | Orc:2    | Entered Level 2 of the Orcish Mines
 27898 | Orc:2    | Noticed Nergalle
 28079 | Orc:2    | Killed Nergalle
 28099 | Orc:2    | Lost mutation: You have a pair of small antennae on your
                  | head. [potion of mutation]
 28099 | Orc:2    | Lost mutation: You expend magic power (3 MP) to strengthen
                  | your wands. [potion of mutation]
 28099 | Orc:2    | Lost mutation: You are agile. (Dex +2) [potion of mutation]
 28099 | Orc:2    | Gained mutation: Your mind is acute. (Int +2) [potion of
                  | mutation]
 28099 | Orc:2    | Gained mutation: You have a pair of small horns on your
                  | head. [potion of mutation]
 28100 | Orc:2    | Lost mutation: Your mind is acute. (Int +2) [potion of
                  | mutation]
 28100 | Orc:2    | Lost mutation: You have a pair of small horns on your head.
                  | [potion of mutation]
 28100 | Orc:2    | Lost mutation: You are partially covered in yellow scales.
                  | (AC +2) [potion of mutation]
 28100 | Orc:2    | Gained mutation: You are clumsy. (Dex -2) [potion of
                  | mutation]
 28100 | Orc:2    | Gained mutation: You are frail. (-10% HP) [potion of
                  | mutation]
 28100 | Orc:2    | Gained mutation: Your movements are slightly less
                  | encumbered by armour. (ER -2) [potion of mutation]
 28100 | Orc:2    | Gained mutation: You have a pair of small horns on your
                  | head. [potion of mutation]
 28101 | Orc:2    | Lost mutation: Your body sometimes deteriorates upon taking
                  | damage. [potion of mutation]
 28101 | Orc:2    | Lost mutation: Your movements are slightly less encumbered
                  | by armour. (ER -2) [potion of mutation]
 28101 | Orc:2    | Lost mutation: You are frail. (-10% HP) [potion of
                  | mutation]
 28101 | Orc:2    | Gained mutation: Your muscles are strong. (Str +2) [potion
                  | of mutation]
 28101 | Orc:2    | Gained mutation: Your muscles are very strong. (Str +4)
                  | [potion of mutation]
 28101 | Orc:2    | Gained mutation: You can translocate small distances at
                  | will. [potion of mutation]
 28161 | Orc:2    | Noticed an orc warlord
 28187 | Orc:1    | Learned a level 3 spell: Ozocubu's Armour
 28192 | Orc:1    | Learned a level 4 spell: Animate Dead
 28229 | Orc:1    | Killed an orc warlord
 28469 | Orc:2    | Reached ****** piety under Uskayaw
 28482 | Orc:2    | Found a roughly hewn altar of Beogh.
 28484 | Orc:2    | Found Miokam's Antique Weapon Shoppe.
 28909 | Orc:2    | Found a staircase to the Elven Halls.
 28987 | Orc:2    | Found Zamuirch's General Store.
 29015 | Orc:2    | Found Muxuc's Jewellery Shoppe.
 29147 | Orc:2    | Found a burning altar of Makhleb.
 29369 | Orc:2    | Found Niliqomp's Antique Armour Shoppe.
 29375 | Orc:2    | Bought a pair of jewelled boots for 285 gold pieces
 29385 | Orc:2    | Identified the +1 pair of boots of Wonder {MR+ Regen+} (You
                  | bought it in a shop on level 2 of the Orcish Mines)
 29597 | Orc:2    | Bought an uncursed amulet of regeneration for 420 gold
                  | pieces
 29597 | Orc:2    | Bought a ring of the Octopus King {rF+ AC+1 EV+1 Str+1
                  | Int+1 Dex+1} for 653 gold pieces
 29597 | Orc:2    | Found the ring of the Octopus King {rF+ AC+1 EV+1 Str+1
                  | Int+1 Dex+1}
 29597 | Orc:2    | Bought an uncursed ring of see invisible for 210 gold
                  | pieces
 29600 | Orc:2    | Bought an uncursed ring of protection from magic for 350
                  | gold pieces
 29729 | D:12     | Reached skill level 10 in Short Blades
 29729 | D:12     | Reached skill level 10 in Axes
 29729 | D:12     | Reached skill level 10 in Maces & Flails
 29729 | D:12     | Reached skill level 10 in Polearms
 29729 | D:12     | Reached skill level 10 in Staves
 29729 | D:12     | Reached skill level 10 in Slings
 29729 | D:12     | Reached skill level 10 in Bows
 29729 | D:12     | Reached skill level 10 in Crossbows
 29729 | D:12     | Reached skill level 10 in Throwing
 29729 | D:12     | Reached skill level 10 in Dodging
 29729 | D:12     | Reached skill level 10 in Unarmed Combat
 29729 | D:12     | Reached skill level 10 in Spellcasting
 29729 | D:12     | Reached skill level 10 in Evocations
 29739 | D:12     | Noticed a frost giant
 29845 | D:12     | Found a runed translucent gate.
 29845 | D:12     | Found a runed translucent gate.
 29846 | D:12     | Found a runed translucent gate.
 29847 | D:12     | Noticed Johnny's ghost (journeyman DgEE)
 29881 | D:12     | Killed a frost giant
 29904 | D:12     | Killed Johnny's ghost
 29904 | D:12     | Reached XP level 16. HP: 110/132 MP: 12/30
 30762 | D:13     | Found a gateway to a bazaar.
 30776 | Bazaar   | Entered a bazaar
 30776 | Bazaar   | Found Foen's Antique Armour Emporium.
 30795 | Bazaar   | Found Yvep's Gadget Boutique.
 30806 | Bazaar   | Found Wag Tuqi's Magic Scroll Emporium.
 30817 | Bazaar   | Found Pamy's General Store.
 30825 | Bazaar   | Upgraded the game from 0.24-a0-789-g35933f4585 to
                  | 0.24-a0-809-g71cb82dfb8
 30825 | Bazaar   | Found Juhoij's Antique Weapon Shop.
 30864 | Bazaar   | Bought a wand of iceblast (12) for 192 gold pieces
 30864 | Bazaar   | Bought a sack of spiders for 240 gold pieces
 30884 | D:13     | Learned a level 1 spell: Confusing Touch
 31362 | D:13     | Reached skill level 14 in Fighting
 31398 | D:13     | You fall into a shaft and drop 2 floors!
 31398 | D:15     | Entered Level 15 of the Dungeon
 31678 | D:15     | Identified a scroll of acquirement
 31697 | D:15     | Got a heavily runed cloak
 31703 | D:15     | Identified the +5 cloak of Dogmatism {+Blink rC+ Str+3}
                  | (You acquired it on level 15 of the Dungeon)
 32409 | D:15     | Found a staircase to the Depths.
 32713 | D:14     | Found a gate to the Vaults.
 32797 | D:14     | Noticed Frances
 32824 | D:14     | Killed Frances
 33056 | D:14     | Learned a level 5 spell: Summon Mana Viper
 33062 | D:14     | Learned a level 5 spell: Summon Demon
 33449 | D:10     | Killed Tagedieb's ghost
 33471 | D:10     | Got a slimy falchion
 33472 | D:10     | Identified the +6 falchion "Orb Guardian's Peril" {holy,
                  | rElec MR+ Int+2} (You found it on level 10 of the Dungeon)
 33758 | Swamp:1  | Entered Level 1 of the Swamp
 34792 | Swamp:2  | Noticed Nikola
 34818 | Swamp:2  | Killed Nikola
 35544 | Swamp:3  | Reached XP level 17. HP: 96/140 MP: 31/31
 36311 | Swamp:4  | Entered Level 4 of the Swamp
 36550 | Swamp:4  | Killed from afar by a lindwurm

Levels and vault maps discovered:
D:1:      tarquinn_simple_flora_water_b, layout_loops_ring,
          minmay_misc_feat_encased
D:2:      layout_loops_ring
D:3:      layout_basic, dancing_weapons_uskayaw
D:4:      layout_loops_ring, lemuel_crystal_altar, minmay_temple_entry_statues,
          first_ration
D:5:      layout_basic, kennysheep_slug_shrine, grunt_temple_overflow_open,
          nemelex_xobeh_ov_fountains_minmay
D:6:      layout_loops_corners, lemuel_doored_altar
D:7:      layout_basic, makhleb_blood_cavern_becter, grunt_livestock,
          minmay_starry_boxes, uniq_menkaure
D:8:      layout_cave_pools, ebering_ghost_gozag
D:9:      layout_grid_maze, kennysheep_windowed_goal
D:10:     layout_irregular_city, erik_lair_orcish_takeover, gammafunk_ghost_icy
D:11:     kb_forest_paths, layout_basic, serial_ice, serial_ice_h, serial_ice_n,
          serial_ice_m, serial_ice_a, portal_ice_cave_entry_pillars_1,
          st_stairs_9, minmay_ruined_shrine, uniq_josephine
D:12:     layout_roguey, gammafunk_ghost_nasty_kobolds,
          minmay_checkered_concentric_circles
D:13:     layout_loops_corners, serial_shops, bzr_entry_lakeside,
          kennysheep_potato
D:14:     layout_roguey, david_vaults_1, kennysheep_minor_cross, uniq_frances
D:15:     grunt_enter_depths_hoard, layout_loops_ring, minmay_misc_feat_x
Lair:1:   layout_loops_ring, nicolae_volcano_entry_batcave, serial_bayou_pond_d
Lair:2:   minmay_lair_venomous_thicket, layout_loops_ring,
          minmay_swamp_entry_worms, beast_lair_carwin_1
Lair:3:   layout_gridlike, chequers_serial_rivers_small_3,
          infiniplex_staircase_pool
Lair:4:   layout_cave_shapes, dummy_snake_entry, serial_forest,
          infiniplex_forest_zigzag_1, infiniplex_forest_corner_1,
          infiniplex_forest_lined_3, infiniplex_forest_straight_4,
          infiniplex_forest_straight_4, infiniplex_forest_straight_2,
          infiniplex_forest_end_2, beast_lair_carwin_3, uniq_rupert
Lair:5:   layout_loops_ring, minmay_slime_entry_pillars, lemuel_oklob_altar,
          grunt_megastairs_5, lemuel_fruit_fields
Lair:6:   hangedman_lair_caniforms_friends, layout_hall_layers, wormcave,
          infiniplex_staircase_pool_2
Swamp:1:  layout_falls_marsh, nicolae_swamp_rocky_clearing
Swamp:2:  layout_basic_swamp, evilmike_swamp_ruin_house_5, swamp_pool1,
          uniq_nikola
Swamp:3:  layout_basic_swamp, nicolae_swamp_trees_clearing
Swamp:4:  swamp_alternative, layout_basic_swamp, swamp_pool5
Orc:1:    layout_diamond_mine, mines1_david
Orc:2:    grunt_orc_cross, layout_caves, basic_altar

Skill      XL: |  1  2  3  4  5  6  7  8  9 10 11 12 13 14 15 16 17 |
---------------+----------------------------------------------------+-----
Fighting       | 11 12 13 14 | 14.5
Invocations    | 1 2 3 4 5 6 7 8 10 11 12 | 12.1
Short Blades   | 1 2 3 4 5 6 8 9 10 11 | 11.2
Axes           | 1 2 3 4 5 6 8 9 10 11 | 11.2
Maces & Flails | 1 2 3 4 5 6 8 9 10 11 | 11.2
Polearms       | 1 2 3 4 5 6 8 9 10 11 | 11.2
Staves         | 1 2 3 4 5 6 8 9 10 11 | 11.2
Slings         | 1 2 3 4 5 6 8 9 10 11 | 11.2
Bows           | 1 2 3 4 5 6 8 9 10 11 | 11.2
Crossbows      | 1 2 3 4 5 6 8 9 10 11 | 11.2
Throwing       | 1 2 3 4 5 6 8 9 10 11 | 11.2
Dodging        | 1 2 3 4 5 6 8 9 10 11 | 11.2
Unarmed Combat | 1 2 3 4 5 6 8 9 10 11 | 11.2
Spellcasting   | 1 2 3 4 5 6 8 9 10 11 | 11.2
Evocations     | 1 2 3 4 5 6 8 9 10 11 | 11.2
Conjurations   | 1 2 3 4 5 6 7 8 9 |  9.5
Hexes          | 1 2 3 4 5 6 7 8 9 |  9.5
Charms         | 1 2 3 4 5 6 7 8 9 |  9.5
Summonings     | 1 2 3 4 5 6 7 8 9 |  9.5
Necromancy     | 1 2 3 4 5 6 7 8 9 |  9.5
Translocations | 1 2 3 4 5 6 7 8 9 |  9.5
Transmutations | 1 2 3 4 5 6 7 8 9 |  9.5
Fire Magic     | 1 2 3 4 5 6 7 8 9 |  9.5
Ice Magic      | 1 2 3 4 5 6 7 8 9 |  9.5
Air Magic      | 1 2 3 4 5 6 7 8 9 |  9.5
Earth Magic    | 1 2 3 4 5 6 7 8 9 |  9.5
Poison Magic   | 1 2 3 4 5 6 7 8 9 |  9.5
Armour         | 3 4 5 6 7 8 9 10 11 | 11.4
Shields        | 3 4 5 6 7 8 9 10 11 | 11.4
Stealth        | 3 4 5 6 7 8 9 10 11 | 11.4
Long Blades    | 5 6 7 8 9 10 11 12 | 12.0

Action                   |  1- 3 |  4- 6 |  7- 9 | 10-12 | 13-15 | 16-18 || total
-------------------------+-------+-------+-------+-------+-------+-------++-------
Melee: Dagger            |   101 |    66 |       |       |       |       ||   167
       Bite              |     6 |    16 |    29 |    57 |   109 |    87 ||   304
       Spear             |       |    84 |   167 |    10 |       |       ||   261
       Trident           |       |       |       |   336 |       |       ||   336
       Battleaxe         |       |       |       |   183 |   824 |   183 ||  1190
       Demon whip        |       |       |       |       |    67 |       ||    67
       Headbutt          |       |       |       |       |    26 |   156 ||   182
       Punch             |       |       |       |       |     5 |    31 ||    36
       Scimitar          |       |       |       |       |       |   366 ||   366
       Falchion          |       |       |       |       |       |    15 ||    15
 Fire: Hunting sling     |    41 |    49 |   256 |   227 |       |       ||   573
       Shortbow          |       |       |       |    82 |    68 |       ||   150
       Hand crossbow     |       |       |       |       |   185 |   111 ||   296
Throw: Dart              |       |       |     2 |     2 |     1 |       ||     5
       Stone             |       |       |     1 |     6 |     1 |       ||     8
 Cast: Summon Ice Beast  |       |       |       |       |    55 |     8 ||    63
       Summon Lightning  |       |       |       |       |    12 |     3 ||    15
       Tukima's Dance    |       |       |       |       |     8 |       ||     8
       Call Imp          |       |       |       |       |     1 |     1 ||     2
       Animate Dead      |       |       |       |       |     9 |    12 ||    21
       Olgreb's Toxic Ra |       |       |       |       |     2 |     2 ||     4
       Ozocubu's Armour  |       |       |       |       |     2 |       ||     2
       Summon Demon      |       |       |       |       |       |     9 ||     9
       Confusing Touch   |       |       |       |       |       |     2 ||     2
       Fulminant Prism   |       |       |       |       |       |     2 ||     2
Invok: Line Pass         |       |       |     1 |     2 |       |       ||     3
       Stomp             |       |       |       |     9 |     8 |       ||    17
       Grand Finale      |       |       |       |       |     1 |       ||     1
 Abil: Blink             |       |       |       |       |     2 |     3 ||     5
Evoke: Wand              |       |       |       |     2 |       |       ||     2
       Sack of spiders   |       |       |       |       |     1 |       ||     1
       Phantom mirror    |       |       |       |       |     1 |       ||     1
  Use: Scroll            |     2 |     8 |     2 |    20 |    15 |    14 ||    61
       Potion            |       |     1 |     1 |    12 |     5 |       ||    19
 Stab: Sleeping          |     3 |     3 |     1 |    19 |    19 |    24 ||    69
       Paralysed         |       |       |     3 |    28 |    78 |    38 ||   147
       Confused          |       |       |     1 |       |       |     1 ||     2
       Invisible         |       |       |       |     6 |       |       ||     6
       Distracted        |       |       |       |     4 |     5 |     3 ||    12
  Eat: Chunk             |       |     8 |     6 |    14 |    27 |    10 ||    65
       Ration            |       |       |     1 |     5 |     9 |     5 ||    20
Armor: Robe              |    25 |       |       |       |       |       ||    25
       Chain mail        |    25 |    37 |       |       |       |   193 ||   255
       Ring mail         |       |    19 |    37 |     3 |       |       ||    59
       Scale mail        |       |       |    28 |   173 |       |       ||   201
       Leather armour    |       |       |       |    89 |   352 |    55 ||   496
       Fire dragon scale |       |       |       |       |       |    67 ||    67
Dodge: Dodged            |    35 |    43 |   135 |   529 |  1070 |   520 ||  2332
Block: Buckler           |    15 |    33 |    75 |   135 |       |       ||   258
       Rpst.: Scimitar   |       |       |       |       |       |    48 ||    48
       Falchion          |       |       |       |       |       |     1 ||     1

Table legend:
 A = Non-vault XP
 B = Vault XP
 C = Vault XP percentage of total XP
 D = Non-vault monster count
 E = Vault monster count
 F = Vault count percentage of total count
                 A         B        C        D         E       F
            +---------+---------+-------+---------+---------+-------
      Total |  103414 |   81765 |  44.2 |     641 |     306 |  32.3
            +---------+---------+-------+---------+---------+-------
        D:1 |      55 |       0 |   0.0 |      31 |       0 |   0.0
        D:2 |      72 |       0 |   0.0 |      20 |       0 |   0.0
        D:3 |     115 |       0 |   0.0 |      26 |       0 |   0.0
        D:4 |     367 |       0 |   0.0 |      15 |       0 |   0.0
        D:5 |    1094 |       4 |   0.4 |      21 |       1 |   4.5
        D:6 |     756 |       0 |   0.0 |      20 |       0 |   0.0
        D:7 |    1760 |    1549 |  46.8 |      30 |      11 |  26.8
        D:8 |    1173 |    1047 |  47.2 |      20 |       5 |  20.0
        D:9 |     699 |       2 |   0.3 |      20 |       1 |   4.8
       D:10 |    1698 |    1846 |  52.1 |      21 |      14 |  40.0
       D:11 |    6754 |    9435 |  58.3 |      42 |      43 |  50.6
       D:12 |    5051 |    9846 |  66.1 |      35 |      25 |  41.7
       D:13 |    4829 |     317 |   6.2 |      24 |       1 |   4.0
       D:14 |    4229 |    3397 |  44.5 |      21 |       4 |  16.0
       D:15 |    8339 |    1952 |  19.0 |      23 |       2 |   8.0
     Lair:1 |    2732 |     627 |  18.7 |      11 |       3 |  21.4
     Lair:2 |    5033 |    2554 |  33.7 |      23 |      21 |  47.7
     Lair:3 |    4863 |       0 |   0.0 |      19 |       0 |   0.0
     Lair:4 |    2925 |    2585 |  46.9 |      20 |       5 |  20.0
     Lair:5 |    4439 |    2441 |  35.5 |      12 |      12 |  50.0
     Lair:6 |    5474 |   14586 |  72.7 |      13 |      74 |  85.1
    Swamp:1 |   13152 |       0 |   0.0 |      33 |       0 |   0.0
    Swamp:2 |    4997 |    2493 |  33.3 |      20 |       1 |   4.8
    Swamp:3 |   12577 |       0 |   0.0 |      24 |       0 |   0.0
    Swamp:4 |    3803 |    9545 |  71.5 |      15 |      15 |  50.0
      Orc:1 |    3902 |    1483 |  27.5 |      47 |       5 |   9.6
      Orc:2 |    2526 |    5582 |  68.8 |      35 |      30 |  46.2
      IceCv |       0 |    3467 | 100.0 |       0 |      25 | 100.0
    Volcano |       0 |    7007 | 100.0 |       0 |       8 | 100.0
            +---------+---------+-------+---------+---------+-------
